 Dungeon Crawl Stone Soup version 0.31-a0-564-g3b7de120b3 (webtiles) character file.

Game seed: 16641079462923209104

23 nono the Sneak (level 3, -7/19 HPs)
             Began as a Vine Stalker Delver on Aug 17, 2023.
             Mangled by a black bear (8 damage)
             ... on level 4 of the Dungeon.
             The game lasted 00:03:35 (288 turns).

nono the Sneak (Vine Stalker Delver)                 Turns: 288, Time: 00:03:37

Health: -7/19      AC:  9    Str: 16    XL:     3   Next: 0%
Magic:  0/4        EV:  7    Int: 10    God:
Gold:   22         SH:  0    Dex: 15    Spells: 2/2 levels left

rFire   . . .        a - +0 mace
rCold   . . .        (no shield)
rNeg    . . .        i - +0 chain mail
rPois   .            (no helmet)
rElec   .            (no cloak)
rCorr   .            (no gloves)
SInv    .            h - +0 pair of boots
Will    .....        (no amulet)
Stlth   +            (no ring)
HPRegen 0.23/turn    (no ring)
MPRegen 0.09/turn

%: guardian spirit
@: no status effects
A: fangs 2, magic shield, antimagic bite, no potion heal 2
a: no special abilities


You were on level 4 of the Dungeon.
You visited 1 branch of the dungeon, and saw 2 of its levels.

You collected 22 gold pieces.

Inventory:

Hand Weapons
 a - a +0 mace (weapon)
Armour
 b - a +0 leather armour
 h - a +0 pair of boots (worn)
 i - a +0 chain mail (worn)
Wands
 g - a wand of digging (3)
Scrolls
 c - a scroll of fog
 d - a scroll of revelation
Potions
 f - a potion of haste


   Skills:
 + Level 2.9 Fighting
 + Level 2.1 Maces & Flails
 + Level 0.7 Armour
 - Level 1.6 Dodging
 + Level 6.3 Stealth


You had 2 spell levels left.
You didn't know any spells.
Your spell library was empty.

Dungeon Overview and Level Annotations

Branches:
Dungeon (5/15)
 Temple: D:4-7

Altars:

Shops:
D:4 ?


Innate Abilities, Weirdness & Mutations

You have extremely sharp teeth.
When hurt, damage is shared between your health and your magic reserves.
Your bite disrupts and absorbs the magic of your enemies.
Potions cannot restore your health.


Message History

The black bear completely misses you.
The black bear claws you but does no damage. x2
You hit the black bear.
The black bear is moderately wounded.
The black bear bites you but does no damage.
The black bear claws you.
The black bear claws you but does no damage.
You barely miss the black bear.
You bite the black bear, but do no damage.
The black bear is moderately wounded.
The black bear bites you. The black bear claws you.
The black bear claws you but does no damage.
The black bear bites you but does no damage.
The black bear claws you but does no damage.
The black bear barely misses you.
You thump the black bear!
You bite the black bear, but do no damage.
The black bear is severely wounded.
The black bear closely misses you.
The black bear claws you but does no damage. x2
You completely miss the black bear. You bite the black bear.
You drain its power.
You feel invigorated.
The black bear is severely wounded.
The black bear goes berserk!
You hit the black bear.
The black bear is almost dead.
The black bear bites you.
* * * LOW HITPOINT WARNING * * *
The black bear claws you but does no damage.
The black bear completely misses you.
The black bear bites you but does no damage.
The black bear claws you but does no damage.
The black bear barely misses you.
You barely miss the black bear.
The black bear is almost dead.
The black bear bites you!
* * * LOW HITPOINT WARNING * * *
The black bear claws you but does no damage. x2
The black bear bites you!
You die...

.... #..# #.. #.g..# #.#
#.##.# ##.# #.##.##.#
#... ##########.......#
#... #....$.h@†..#.# #...
#......####.#.# #####...
#......####.#.####.......
#........##.#............
#.....)#.................
#.........#######.####...
########..# #.# #... #..#
#.# #... # #..# #.# #...


You could see a black bear (berserk).

Vanquished Creatures
  2 adders (D:4)
  An orc (D:4)
  2 hobgoblins (D:4)
5 creatures vanquished.

Notes
Turn   | Place    | Note
-------+----------+-------------------------------------------
     0 | D:5      | nono the Vine Stalker Delver began the quest for the Orb.
     0 | D:5      | Reached XP level 1. HP: 11/11 MP: 2/2
   233 | D:4      | Found Zimac's Magic Scroll Shop.
   233 | D:4      | Noticed a black bear
   258 | D:4      | Reached XP level 2. HP: 16/16 MP: 3/3
   275 | D:4      | Reached XP level 3. HP: 17/19 MP: 2/4
   288 | D:4      | Mangled by a black bear

Illustrated notes

Levels and vault maps discovered:
D:4:      layout_loops_cross, chequers_ossuary_entry_cave, serial_shops, shop,
          uniq_ijyb
D:5:      layout_basic, mainiacjoe_overflow_catwalk_spiral,
          chequers_serial_rivers_large_b, chequers_serial_rivers_small_a,
          corexii_shack

Skill      XL: |  1 |
---------------+----+-----
Maces & Flails | 2 |  2.1
Fighting       | |  2.9
Armour         | |  0.7
Dodging        | |  1.6
Stealth        | |  6.3

Action                     || total
---------------------------++-------
  Melee: Mace              ||    38
         Bite              ||     8
         Punch             ||     1
    Use: Scroll            ||     1
   Stab: Sleeping          ||     1
 Armour: Leather armour    ||     4
         Chain mail        ||    34
  Dodge: Dodged            ||    18

Table legend: (Time is in decaauts)
 A = Elapsed time spent in this place.
 B = Non-inter-level travel time spent in this place.
 C = Inter-level travel time spent in this place.
 D = Time resting spent in this place.
 E = Time spent auto-exploring this place.
 F = Levels seen in this place.
 G = Mean time per level.
                   A        B        C        D        E       F      G
               +--------+--------+--------+--------+--------+-----+--------+
         Total |    298 |    292 |      6 |      0 |     31 |   2 |  149.0 |
       Dungeon |    298 |    292 |      6 |      0 |     31 |   2 |  149.0 |
               +--------+--------+--------+--------+--------+-----+--------+

Top non-repeatable levels by time:
     D:4: 250 daAuts
     D:5: 48 daAuts
